 Dungeon Crawl Stone Soup version 0.27-a0-1384-g1422d76b99 (webtiles) character file.

Game seed: 10295714989905664794

1244 robertstho the Magician (level 8, -3/56 HPs)
             Began as a Djinni Fire Elementalist on June 30, 2021.
             Slain by a two-headed ogre (27 damage)
             ... on level 5 of the Dungeon.
             The game lasted 00:11:40 (6449 turns).

robertstho the Magician (Djinni Fire Elementalist)  Turns: 6449, Time: 00:11:42

Health: -3/56      AC:  3    Str:  7    XL:     8   Next: 79%
Gold:   41         EV: 13    Int: 20    God:
                   SH:  0    Dex: 13

rFire    + + .     SeeInvis .   l - +5 dagger
rCold    x . .     Faith    .   (no shield)
rNeg     . . .     Spirit   .   a - +0 robe
rPois    ∞         Reflect  .   (no helmet)
rElec    .         Harm     .   (no cloak)
rCorr    .         Rampage  .   j - +0 pair of gloves
Will     .....                  (boots unavailable)
Stlth    ++........             (no amulet)
HPRegen  0.18/turn              (no ring)
MPRegen  0.00/turn              (no ring)

@: flying
A: sickness immunity, fire resistance 2, cold vulnerability 1, float, innate
caster, hp casting, extra vitality 1
a: no special abilities


You were on level 5 of the Dungeon.
You visited 1 branch of the dungeon, and saw 5 of its levels.
You also visited: Sewer.

You collected 125 gold pieces.
You spent 84 gold pieces at shops.

Inventory:

Hand Weapons
 c - a +0 war axe
 l - a +5 dagger (weapon)
 o - a +0 hand axe of holy wrath
Armour
 a - a +0 robe (worn)
 j - a +0 pair of gloves (worn)
Wands
 i - a wand of paralysis (3)
Scrolls
 b - 2 scrolls of fear
Potions
 d - a potion of berserk rage
 e - 5 potions of flight {unknown}
 f - 2 potions of attraction {unknown}
 g - a potion of cancellation {unknown}
 h - a potion of lignification {unknown}
 k - a potion of resistance
 m - 3 potions of heal wounds
 n - a potion of curing
 p - 2 potions of might {unknown}


   Skills:
 * Level 3.2 Fighting
 + Level 0.3 Short Blades
 + Level 1.0 Axes
 + Level 3.2 Dodging
 + Level 3.4 Stealth
 * Level 6.6 Spellcasting
 + Level 0.5 Evocations


You couldn't memorise any spells.
You knew the following spells:

 Your Spells              Type           Power      Damage    Failure   Level
a - Foxfire               Conj/Fire      100%       2x1d9     1%          1
b - Conjure Flame         Conj/Fire      33%        6-21      1%          3
c - Inner Flame           Hex/Fire       33%        N/A       1%          3
d - Sticky Flame          Conj/Fire      33%        2d5       6%          4
e - Fireball              Conj/Fire      16%        3d8       17%         5
f - Apportation           Tloc           66%        N/A       1%          1
g - Static Discharge      Conj/Air       33%        N/A       1%          2
h - Blink                 Tloc           N/A        N/A       1%          2
Your spell library was empty.

Dungeon Overview and Level Annotations

Branches:
Dungeon (5/15)              Sewer (visited)
 Temple: D:4-7

Altars:

Shops:
D:4 =!:

Annotations:
D:2 Natasha, Sigmund


Innate Abilities, Weirdness & Mutations

You are immune to sickness and miasma.
You are immune to poison.
Your flesh is very heat resistant. (rF++)
You are vulnerable to cold. (rC-)
You float through the air rather than walking.
You learn spells naturally, not from books.
Your magical power is your life essence.
You have superior vitality. (+4 HP)


Message History

Unknown command.
Aiming: Paralyse
Press: ? - help, Shift-Dir - straight line, f/p - two-headed ogre
Aim: a two-headed ogre, wielding a +0 dire flail and a +0 giant spiked club (moderately wounded, chance to affect: 30%)
The two-headed ogre easily resists.
Unknown command.
Aiming: Paralyse
Press: ? - help, Shift-Dir - straight line, f/p - two-headed ogre
Aim: a two-headed ogre, wielding a +0 dire flail and a +0 giant spiked club (moderately wounded, chance to affect: 30%)
The two-headed ogre easily resists.
The two-headed ogre hits you with a +0 dire flail!!
The two-headed ogre misses you.
Casting: Foxfire (safe; 1% risk of failure)
Confirm with . or Enter, or press ? or * to list all spells.
You blink.
Casting: Blink (safe; 1% risk of failure)
Confirm with . or Enter, or press ? or * to list all spells.
The fire begins to smoulder!
The fire ignites!
Casting: Foxfire (safe; 1% risk of failure)
Press: ? - help, Q - select action, (/) - cycle Dir - look around, f - activate You conjure some foxfire!
The two-headed ogre is engulfed in blazing flames.
The foxfire hits the two-headed ogre.
The two-headed ogre is heavily wounded.
The foxfire hits the two-headed ogre.
The two-headed ogre is severely wounded.
Casting: Foxfire (safe; 1% risk of failure)
Press: ? - help, Q - select action, (/) - cycle Dir - look around, f - activate You conjure some foxfire!
The foxfire hits the two-headed ogre but does no damage.
The two-headed ogre is heavily wounded.
The foxfire hits the two-headed ogre but does no damage.
The two-headed ogre is heavily wounded.
Casting: Foxfire (safe; 1% risk of failure)
Press: ? - help, Q - select action, (/) - cycle Dir - look around, f - activate You conjure some foxfire!
The two-headed ogre hits you with a +0 dire flail!
The two-headed ogre hits you with a +0 giant spiked club!!
You die...

#########...####...#
#.........#........#
#.#######...####...# #.# #####
##<## #######.#### #.#
...........####### ###.###
#######.##.......# #.....##
#.########.####.#....# #.#
#@v............#.# #.#
#O######.##.#....# #.# #.#
#.##...†.## #### #.# #.#
#.######... #...## #.# #.# #.#
#.## ###.#####.###.######.#
#.#
#..................#.######.##
#.#.###......#####.....(......
.v..## ###.##.# #..[.......##


You could see a two-headed ogre (ally target).

Vanquished Creatures
  A hornet (D:5)
  Edmund (D:5)
  Purgy (D:3)
  2 black bears (D:5)
  A necrophage (D:5)
  A phantom (D:5)
  A kobold brigand (Sewer)
  A wyvern zombie (D:5)
  2 jellies
  A centaur skeleton (D:5)
  An iguana (D:5)
  2 orc wizards
  3 river rats
  5 adders
  A worm (D:2)
  4 dart slugs
  6 orcs
  3 ball pythons
  8 bats
  15 endoplasms
  6 giant cockroaches
  5 goblins
  4 hobgoblins
  12 jackals
  6 quokkas
  3 frilled lizards (D:1)
  A jackal skeleton (D:4)
  19 kobolds
  9 rats
125 creatures vanquished.

Vanquished Creatures (others)
  448 foxfires
  8 fungi (D:4)
  6 toadstools (D:4)
462 creatures vanquished.

Grand Total: 587 creatures vanquished

Notes
Turn   | Place    | Note
-------+----------+-------------------------------------------
     0 | D:1      | robertstho the Djinni Fire Elementalist began the quest for
                  | the Orb.
     0 | D:1      | Reached XP level 1. HP: 15/15 MP: 0/0
   122 | D:1      | Reached XP level 2. HP: 14/21 MP: 0/0
   269 | D:1      | Reached skill level 3 in Spellcasting
   472 | D:1      | Reached XP level 3. HP: 22/25 MP: 0/0
   472 | D:1      | Learned a level 1 spell: Apportation
   810 | D:1      | Found a faded altar of an unknown god.
  1727 | D:2      | Reached XP level 4. HP: 13/31 MP: 0/0
  1727 | D:2      | Noticed Sigmund
  2067 | D:2      | Reached skill level 1 in Fighting
  2362 | D:2      | Reached XP level 5. HP: 34/37 MP: 0/0
  2362 | D:2      | Learned a level 2 spell: Static Discharge
  2494 | D:2      | Noticed Natasha
  2799 | D:3      | Reached skill level 4 in Spellcasting
  2970 | D:3      | Noticed Purgy
  2979 | D:3      | Killed Purgy
  2980 | D:3      | Reached XP level 6. HP: 31/43 MP: 0/0
  3332 | D:3      | Found a glowing drain.
  3354 | Sewer    | Entered a sewer
  3630 | Sewer    | Reached skill level 5 in Spellcasting
  3714 | Sewer    | Found a white marble altar of Elyvilon.
  4038 | D:4      | Found Mystif Zesi's Distillery.
  4066 | D:4      | Found Laqitwom's Book Boutique.
  4094 | D:4      | Bought a potion of heal wounds for 70 gold pieces
  4094 | D:4      | Bought a potion of degeneration for 14 gold pieces
  4189 | D:4      | Reached XP level 7. HP: 40/49 MP: 0/0
  4189 | D:4      | Learned a level 2 spell: Blink
  4324 | D:4      | Found Kovaele's Jewellery Emporium.
  5063 | D:5      | Entered Level 5 of the Dungeon
  5076 | D:5      | Noticed a hornet
  5087 | D:5      | Killed a hornet
  5088 | D:5      | Reached skill level 1 in Axes
  5433 | D:5      | Noticed Edmund
  5447 | D:5      | Killed Edmund
  5448 | D:5      | Reached skill level 6 in Spellcasting
  5448 | D:5      | Reached XP level 8. HP: 31/55 MP: 0/0
  6381 | D:5      | Noticed a two-headed ogre
  6449 | D:5      | Slain by a two-headed ogre

Illustrated notes

Levels and vault maps discovered:
D:1:      psy_arrival_wood_between_worlds, layout_basic, serial_rivers,
          chequers_serial_rivers_micro_b, chequers_serial_rivers_small_3,
          chequers_serial_rivers_micro_d, chequers_serial_rivers_micro_d,
          chequers_serial_rivers_small_b, chequers_serial_rivers_micro_a,
          basic_ecumenical_altar
D:2:      layout_basic, uniq_natasha, uniq_sigmund
D:3:      layout_basic, gup_sewer_entry_bubbles, uniq_purgy
D:4:      cheibrodos_fertilizer, layout_rooms, serial_shops,
          nicolae_square_shop, nicolae_shop_competitors_out_of_business,
          shop_fountains, interstate_on_off
D:5:      layout_loops_ring, minmay_manual_mail, uniq_edmund

Skill      XL: |  1  2  3  4  5  6  7  8 |
---------------+-------------------------+-----
Spellcasting   | 3 4 5 6 |  6.6
Fighting       | 1 2 3 |  3.2
Stealth        | 2 3 |  3.4
Axes           | 1 |  1.0
Dodging        | 3 |  3.2
Short Blades   | |  0.3
Evocations     | |  0.5

Action                   |  1- 3 |  4- 6 |  7- 9 || total
-------------------------+-------+-------+-------++-------
Melee: War axe           |       |    13 |       ||    13
       Dagger            |       |       |    15 ||    15
 Cast: Foxfire           |    89 |   106 |    80 ||   275
       Sticky Flame      |       |     1 |     2 ||     3
       Static Discharge  |       |     2 |    10 ||    12
       Blink             |       |       |     2 ||     2
       Conjure Flame     |       |       |     2 ||     2
Evoke: Wand              |       |       |     8 ||     8
  Use: Scroll            |       |     4 |     3 ||     7
       Potion            |       |     1 |       ||     1
 Stab: Sleeping          |       |     1 |       ||     1
       Paralysed         |       |       |     8 ||     8
Armor: Robe              |     2 |    13 |     7 ||    22
Dodge: Dodged            |     8 |    38 |    35 ||    81

Table legend: (Time is in decaauts)
 A = Elapsed time spent in this place.
 B = Non-inter-level travel time spent in this place.
 C = Inter-level travel time spent in this place.
 D = Time resting spent in this place.
 E = Time spent auto-exploring this place.
 F = Levels seen in this place.
 G = Mean time per level.
                   A        B        C        D        E       F      G
               +--------+--------+--------+--------+--------+-----+--------+
         Total |   6456 |   6256 |    200 |    908 |   4316 |   6 | 1076.0 |
       Dungeon |   6060 |   5860 |    200 |    908 |   3980 |   5 | 1212.0 |
         Sewer |    396 |    396 |      0 |      0 |    336 |   1 |  396.0 |
               +--------+--------+--------+--------+--------+-----+--------+

Top non-repeatable levels by time:
     D:1: 1917 daAuts
     D:5: 1255 daAuts
     D:4: 1205 daAuts
     D:3: 938 daAuts
     D:2: 743 daAuts
   Sewer: 396 daAuts
